 Dungeon Crawl Stone Soup version 0.29.1-13-g9f3cf754e1 (webtiles) character file.

Game seed: 12451084876917034907

79 Thatpatchoflichen the Trooper (level 4, -6/49 HPs)
             Began as an Ogre Monk on Feb 10, 2023.
             Mangled by Robin
             ... wielding a +0 trident
              (7 damage)
             ... on level 2 of the Dungeon.
             The game lasted 00:05:48 (3497 turns).

Thatpatchoflichen the Trooper (Ogre Monk)           Turns: 3497, Time: 00:05:49

Health: -6/49      AC:  3    Str: 17    XL:     4   Next: 37%
Magic:  4/4        EV: 10    Int: 11    God:
Gold:   70         SH:  0    Dex: 11    Spells: 3/3 levels left

rFire   . . .      SeeInvis .   a - +0 mace
rCold   . . .      Faith    .   (no shield)
rNeg    . . .      Spirit   .   b - +0 robe
rPois   .          Reflect  .   (helmet restricted)
rElec   .          Harm     .   (no cloak)
rCorr   .          Rampage  .   (gloves unavailable)
Will    .....                   (boots unavailable)
Stlth   ++........              (no amulet)
HPRegen 0.16/turn               (no ring)
MPRegen 0.09/turn               (no ring)

@: no status effects
A: large, unfitting armour, tough skin 1
a: no special abilities


You were on level 2 of the Dungeon.
You visited 1 branch of the dungeon, and saw 3 of its levels.

You collected 70 gold pieces.

Inventory:

Hand Weapons
 a - a +0 mace (weapon)
Missiles
 l - 2 poisoned darts (quivered)
Armour
 b - a +0 robe (worn)
Jewellery
 o - an amulet of faith
Scrolls
 d - a scroll of enchant weapon {unknown}
 e - 2 scrolls of identify {unknown}
 g - a scroll of magic mapping {unknown}
 h - a scroll of poison {unknown}
 m - 2 scrolls of noise {unknown}
 n - a scroll of teleportation {unknown}
 p - a scroll of fear {unknown}
Potions
 c - 2 potions of ambrosia
 f - a potion of curing {unknown}
 i - a potion of heal wounds {unknown}
 j - a potion of brilliance {unknown}
 k - a potion of lignification {unknown}


   Skills:
 + Level 4.9 Fighting
 + Level 3.3 Maces & Flails
 + Level 3.2 Dodging
 - Level 2.0 Stealth


You had 3 spell levels left.
You didn't know any spells.
Your spell library contained the following spells:

 Spells                   Type           Power      Damage    Failure   Level
 Static Discharge         Conj/Air       0%         3-3/arc   47%         2
 Dispel Undead            Necr           0%         3d6       98%         4
 Sticky Flame             Conj/Fire      0%         2d3       98%         4


Dungeon Overview and Level Annotations

Branches:
Dungeon (3/15)

Altars:
Xom

Annotations:
D:2 Robin, Terence


Innate Abilities, Weirdness & Mutations

You are too large for most types of armour.
You have tough skin. (AC +1)


Message History

The goblins go into a battle-frenzy!
The goblin shouts!
You hit Robin.
Robin is severely wounded.
The goblin barely misses you.
You hit the goblin.
You kill the goblin!
Robin hits you but does no damage. Robin throws the goblin at you!
The goblin hits you with a +0 club.
Items here: )))) ††.
The goblin attacks as you move away! The goblin closely misses you.
Robin throws the goblin at you! The goblin closely misses you.
You miss the goblin. Robin barely misses you.
The goblin hits you with a +0 dagger.
You completely miss the goblin. Robin closely misses you.
The goblin hits you with a +0 dagger.
You closely miss the goblin. Robin closely misses you.
The goblin hits you but does no damage. Robin completely misses you.
The goblin hits you with a +0 dagger.
You hit the goblin.
The goblin is heavily wounded.
Robin hits you with a +0 trident. The goblin closely misses you.
You barely miss Robin.
Robin is severely wounded.
Robin hits you with a +0 trident. The goblin closely misses you.
You barely miss Robin.
Robin is severely wounded.
Robin hits you with a +0 trident!
* * * LOW HITPOINT WARNING * * *
The goblin closely misses you.
You hit Robin.
Robin is almost dead.
Robin laughs in a distinctly smug fashion.
Robin hits you with a +0 trident.
* * * LOW HITPOINT WARNING * * *
The goblin hits you but does no damage.
You hit Robin but do no damage.
Robin is almost dead.
Robin hits you with a +0 trident!
You die...

..#
#.#..###..##.....
.##
#.#.......####.#.#
.# #.#......###
....# ...
#.....#....# ##.##
.#..###...##.#.# .#
.#....#...##.#.# #
##.##...#.##.#.#
....>........#######
##########.#gg@gg.<#
####S#.#######
#g...#.# #g####.#
#g.g.........#
#.##.g..######
#..### #.. ...


You could see Robin, a hobgoblin (strong) and 2 goblins.

Vanquished Creatures
  2 adders (D:2)
  2 worms (D:2)
  A dart slug (D:1)
  An orc (D:2)
  8 endoplasms
  9 goblins
  A hobgoblin (D:2)
  10 jackals
  3 kobolds
  A quokka (D:1)
  A ball python (D:1)
  2 frilled lizards (D:1)
  4 rats
  A spectral goblin (D:1)
46 creatures vanquished.

Vanquished Creatures (others)
  A plant (D:1)
1 creature vanquished.

Grand Total: 47 creatures vanquished

Notes
Turn   | Place    | Note
-------+----------+-------------------------------------------
     0 | D:1      | Thatpatchoflichen the Ogre Monk began the quest for the
                  | Orb.
     0 | D:1      | Reached XP level 1. HP: 24/24 MP: 1/1
   212 | D:1      | Reached XP level 2. HP: 15/32 MP: 2/2
  1077 | D:2      | Reached XP level 3. HP: 39/40 MP: 3/3
  1525 | D:1      | Found a faded altar of an unknown god.
  1888 | D:2      | Found a shimmering altar of Xom.
  2679 | D:2      | Noticed Terence
  3039 | D:2      | HP: 2/40 [orc/+0 club (2)]
  3041 | D:2      | Reached XP level 4. HP: 3/49 MP: 4/4
  3477 | D:2      | Noticed Robin
  3496 | D:2      | HP: 1/49 [Robin/+0 trident (6)]
  3497 | D:2      | Mangled by Robin

Illustrated notes

Levels and vault maps discovered:
D:1:      minmay_arrival_wavy_path, layout_basic,
          dreamdust_ecumenical_altar_drowned_temple, minmay_shallow_snake_nest
D:2:      layout_basic, basic_altar, uniq_robin, uniq_terence
D:3:      layout_rooms, mainiacjoe_overflow_alcove_1

Skill      XL: |  1  2  3 |
---------------+----------+-----
Maces & Flails | 3 |  3.3
Dodging        | 3 |  3.2
Stealth        | 2 |  2.0
Fighting       | |  4.9

Action                   |  1- 3 |  4- 6 || total
-------------------------+-------+-------++-------
Melee: Mace              |   147 |    44 ||   191
       Punch             |     1 |     1 ||     2
 Stab: Sleeping          |     5 |       ||     5
Armor: Robe              |    40 |     9 ||    49
Dodge: Dodged            |    89 |    30 ||   119
